AoeStats
← Skywa1keR

Arabia

504945073Analyzed
1v1 RM · 25d ago on Sep 7, 2026· 31m 54s· 2 players
Game mode
Random Map
Map size
Tiny (2 player)
Population
200
Speed
Normal
Resources
Standard
Victory
Conquest
Starting age
Dark Age
Ending age
Imperial Age
RankedLock teamsTeams togetherTeam positionsShared explorationLock speedFull tech treeHidden civsTurbo modeCheats
Victory
Defeat
🇨🇦 Maya · Canada
620
+14
🇺🇸 Ethiopians · United States
569
-14
Skywa1keR
9:48 Loom
11:34 Feudal Age
12:19 Man-at-Arms
15:19 Padded Archer Armor
15:32 Forging
15:23 Scale Mail Armor
17:00 Fletching
22:24 Castle Age
23:23 Long Swordsman
25:28 Gold Mining
25:28 Stone Mining
25:27 Double-Bit Axe
26:30 Crossbowman
29:20 Gold Shaft Mining
29:20 Stone Shaft Mining
Luizmbl
1:56 Loom
11:10 Feudal Age
11:40 Double-Bit Axe
12:21 Horse Collar
14:10 Gold Mining
22:25 Castle Age
22:12 Stone Mining
25:08 Bow Saw
25:15 Town Watch
25:45 Fletching
25:55 Padded Archer Armor
26:45 Bodkin Arrow
27:14 Heavy Plow
29:03 Leather Archer Armor
31:48 Thumb Ring
Connection lost

Rejoining the realm…

Still unreachable

The connection could not be restored.

Session expired

The server has moved on; the page needs a fresh start.